 Dungeon Crawl Stone Soup version bcrawl-1.38.3 (webtiles) character file.

Game seed: 8226066839369399535

413942 kush the Destroyer (level 13, -4/111 HPs)
             Began as a Djinni Fire Elementalist on July 2, 2023.
             Was a High Priest of Vehumet.
             Killed from afar by a swamp worm (9 damage)
             ... with a harpoon shot
             ... on level 4 of the Lair of Beasts.
             The game lasted 00:44:18 (15483 turns).

kush the Destroyer (Djinni Fire Elementalist)      Turns: 15483, Time: 00:44:18

Health: -4/111     AC:  5    Str: 21    XL:     13   Next: 12%
Magic:  9/34       EV: 12    Int: 22    God:    Vehumet [*****.]
Gold:   663        SH:  0    Dex:  6    Spells: 9/36 levels left

rFire    + + +     GDR:     17% V - staff of conjuration
rCold    . . .     SeeInvis .   (no shield)
rNeg     . . .     Gourm    .   a - +0 robe
rPois    .         Faith    +   u - +2 hat
rElec    .         Spirit   .   g - +0 cloak of Objectivity {*Slow rF+++ Str+5 Dex-5} (curse)
rCorr    .         Reflect  .   (no gloves)
MR       +....     Rnd*Rage +   (boots unavailable)
Stlth    +++.......             O - amulet of faith
HPRegen  0.28/turn              n - ring of stealth
MPRegen  0.24/turn              r - +4 ring of strength

@: berserk cooldown, flying, very slightly contaminated, slowed, very slow
A: never pass out, berserk 2, blink, blurry vision 2, fire resistance 1, high mp
2, wild magic 3, disrupted magic 1, MP-powered wands, floating
a: Blink, Renounce Religion


You were on level 4 of the Lair of Beasts.
You worshipped Vehumet.
Vehumet was extremely pleased with you.
You were hungry.

You visited 3 branches of the dungeon, and saw 16 of its levels.

You collected 868 gold pieces.
You spent 205 gold pieces at shops.

Inventory:

Hand Weapons
 P - the +3 dagger of Chagrin {pierce, +Blink rN+ MR+ Str-3}
   (You took it off an orc warrior on level 10 of the Dungeon)

   It will always inflict at least some extra damage.
   This minimum extra damage increases with your current reserve of magical
   power.
   It affects your strength (-3).
   It protects you from negative energy.
   It affects your resistance to hostile enchantments.
   It lets you blink.
Missiles
 d - 2356 stones (quivered)
Armour
 a - a +0 robe (worn)
 g - the cursed +0 cloak of Objectivity (worn) {*Slow rF+++ Str+5 Dex-5}
   (You found it on level 1 of the Lair of Beasts)

   It affects your strength (+5).
   It affects your dexterity (-5).
   It renders you almost immune to fire.
   It may slow you when you take damage.
   It has a curse placed upon it.
 u - a +2 hat (worn)
 G - a +0 cloak
Magical Staves
 Q - an uncursed staff of death
 V - an uncursed staff of conjuration (weapon)
Jewellery
 n - a ring of stealth (left hand)
 r - a +4 ring of strength (right hand)
 O - an amulet of faith (around neck)
 T - a +3 amulet of reflection {unknown}
Wands
 c - a wand of polymorph (4)
 p - a wand of digging (19)
 x - a wand of scattershot (5)
 y - a wand of acid (4)
 R - a wand of paralysis (9)
 S - a wand of iceblast (13)
Scrolls
 f - 8 scrolls of teleportation
 h - 4 scrolls of blinking
 m - 4 scrolls of magic mapping
 o - 2 scrolls of remove curse
 s - a scroll of enchant armour {unknown}
 z - 5 scrolls of fog
 C - a scroll of silence {unknown}
 D - a scroll of fear {unknown}
 E - 4 scrolls of amnesia
 K - 2 scrolls of noise {unknown}
 M - 3 scrolls of enchant weapon
Potions
 b - 4 potions of cancellation
 j - a potion of resistance
 k - a potion of haste
 l - 7 potions of curing
 q - a potion of agility
 t - a potion of magic
 v - 3 potions of brilliance
 w - 3 potions of flight {unknown}
 A - 2 potions of degeneration {unknown}
 B - 2 potions of heal wounds {unknown}
 H - 2 potions of lignification {unknown}
 J - a potion of ambrosia {unknown}
 L - 2 potions of mutation {unknown}
Miscellaneous
 i - a lightning rod (4/4)
Comestibles
 e - 37 rations {!d}
 F - 20 chunks of flesh


   Skills:
 + Level 9.3 Fighting
 - Level 4.3 Dodging
 - Level 1.5 Stealth
 + Level 12.1 Spellcasting
 * Level 13.6 Conjurations
 - Level 11.9 Fire Magic
 * Level 9.0 Ice Magic


You had 9 spell levels left.
You knew the following spells:

 Your Spells              Type           Power        Failure   Level  Hunger
a - Flame Tongue          Conj/Fire      #####        1%          1    None
b - Bolt of Cold          Conj/Ice       ########..   9%          6    None
c - Conjure Flame         Conj/Fire      ########     1%          3    None
d - Orb of Destruction    Conj           ########..   14%         7    None
e - Freeze                Ice            ######       1%          1    None
f - Fireball              Conj/Fire      ########..   2%          5    None
s - Sticky Flame          Conj/Fire      ########     1%          4    None

Your spell library contained the following spells:

 Spells                   Type           Power        Failure   Level  Hunger
 Inner Flame              Hex/Fire       N/A          3%          3    None
 Sandblast                Erth           ####..       7%          1    None
 Flaming Arrows           Chrm/Fire      ######..     9%          2    None
 Dazzling Orbs            Conj/Hex       #######      10%         3    None
 Ensorcelled Hibernation  Hex/Ice        ######       11%         2    None
 Ozocubu's Refrigeration  Ice            #######...   16%         6    ####...
 Freezing Cloud           Ice/Air        ######..     19%         5    ##.....
 Necrotize                Necr           ####..       24%         1    None
 Slow                     Hex            ####....     24%         1    None
 Confuse                  Hex            ####....     45%         3    None
 Tukima's Dance           Hex            ####....     45%         3    None
 Vampiric Draining        Necr           ####......   45%         3    None
 Metabolic Englaciation   Hex/Ice        ######....   56%         5    ##.....
 Agony                    Necr           ####....     77%         4    None
 Animate Dead             Necr           N/A          77%         4    None
 Cause Fear               Hex            ####......   77%         4    None
 Simulacrum               Ice/Necr       ######..     95%         6    ####...
 Dispel Undead            Necr           ####....     96%         5    ##.....
 Summon Lightning Spire   Summ/Air       ####....     96%         5    ##.....
 Summon Mana Viper        Hex/Summ       ####....     96%         5    ##.....
 Dragon's Call            Summ           ####......   100%        9    #######


Dungeon Overview and Level Annotations

Branches:
Dungeon (11/12)            Temple (1/1) D:6            Lair (4/6) D:7
 Shoals (0/3) Lair:4          Orc (0/1) D:9
  Swamp: Lair:2-4     Snake: Lair:2-4    Spider: Lair:2-4    Vaults: D:11-12

Altars:
Ashenzari
Cheibriados
Dithmenos
Elyvilon
Fedhas
Gozag
Hepliaklqana
Kikubaaqudgha
Lugonu
Makhleb
Nemelex Xobeh
Okawaru
Qazlal
Ru
Sif Muna
Trog
Uskayaw
Vehumet
Wu Jian
Xom
Yredelemnul
Zin
The Shining One

Shops:
D:4 ?   D:6 %(**   D:7 *   D:9 [[

Annotations:
D:3 exclusions: centaur and frilled lizard
D:10 exclusion: downstairs
Lair:3 exclusion: downstairs


Innate Abilities, Weirdness & Mutations

You never pass out after going berserk.
You often lose your temper in combat.
You can translocate small distances at will.
Scrolls take you longer to read.
Your flesh is heat resistant. (rF+)
You have a considerably increased reservoir of magic. (+20% MP)
Your spells are much harder to cast, but much more powerful.
Your casting is slightly disrupted.
You expend magic power (3 MP) to strengthen your wands.
Your body floats in the air.


Message History

You feel a surge of power!
The fireball explodes!
The fireball engulfs the water moccasin!!
You kill the water moccasin!
Vehumet accepts your kill.
You feel your power returning.
The fireball engulfs the vampire mosquito!
The vampire mosquito is severely damaged.
Your surroundings suddenly seem different.
A yak comes into view.
The yak bellows!
A yak comes into view.
The yak bellows!
A yak comes into view.
The yak bellows!
A yak comes into view.
The yak bellows!
A swamp worm comes into view. x2
The swamp worm fires a harpoon shot at you.
The harpoon shot hits you!
You die...

#.#. ...###
...#.#.
.......
##.......
...YY....
##.Y.Y....
##......Y.w
#P.@Y.)Y...
#..........
##.........
.w.!..w...
#P........≈
#....w..≈≈≈
#......≈≈≈#
###....≈≈≈#
#### ##
....


You could see 7 yaks and 4 swamp worms.

Vanquished Creatures
  Harold (Lair:1)
  4 hydras
  A two-headed ogre (D:8)
  Nergalle (D:9)
  A skeletal warrior (D:11)
  An unseen horror (D:10)
  An ugly thing (D:10)
  A deep elf mage (D:10)
  11 elephants (Lair:4)
  2 black mambas
  4 cane toads
  3 komodo dragons
  A rime drake (Lair:4)
  A polar bear (Lair:3)
  3 blink frogs (Lair:1)
  A hornet (D:8)
  A blink frog (shapeshifter) (D:9)
  6 hippogriffs
  4 hogs (D:10)
  36 yaks
  A black mamba skeleton (D:10)
  2 wyverns
  A basilisk (Lair:3)
  2 hungry ghosts (D:10)
  A human (D:10)
  2 vampire mosquitoes (Lair:4)
  2 steam dragons
  2 wargs (D:7)
  6 water moccasins
  An acid dragon (D:7)
  6 crocodiles
  7 porcupines
  5 sky beasts
  4 orc warriors
  An ice beast (D:8)
  A phantom (D:7)
  A necrophage (D:4)
  6 wolves (Lair:2)
  6 ogres
  5 bullfrogs
  A wyvern zombie (D:8)
  3 centaurs
  A hornet simulacrum (D:7)
  3 scorpions
  5 wights
  A howler monkey (D:10)
  5 orc priests
  3 crimson imps
  2 bullfrog zombies
  A quasit (D:6)
  4 hounds
  A bullfrog skeleton (D:7)
  Ijyb (D:3)
  3 iguanas
  8 worker ants
  3 orc wizards
  A porcupine skeleton (D:10)
  2 hound zombies
  2 worker ant zombies
  Robin (D:3)
  3 gnolls (D:5)
  7 adders
  2 shadow imps
  An ooze (D:6)
  An adder zombie (D:6)
  3 adder skeletons
  5 worms
  2 dart slugs
  3 leopard geckos
  24 orcs
  4 bats
  4 giant cockroaches
  16 goblins
  12 hobgoblins
  11 jackals
  11 kobolds
  A quokka (D:6)
  A ball python (D:2)
  3 frilled lizards
  A quokka zombie (D:2)
  4 rats
  2 fungi (Lair:3)
  A plant (Lair:3)
319 creatures vanquished.

Vanquished Creatures (others)
  An ogre (D:6)
  A worker ant (D:6)
  5 fungi
  8 plants (Lair:4)
15 creatures vanquished.

Grand Total: 334 creatures vanquished

Notes
Turn   | Place    | Note
-------+----------+-------------------------------------------
     0 | D:1      | kush the Djinni Fire Elementalist began the quest for the
                  | Orb.
     0 | D:1      | Reached XP level 1. HP: 14/14 MP: 4/4
   245 | D:1      | Reached XP level 2. HP: 20/20 MP: 3/6
   518 | D:1      | Reached skill level 2 in Conjurations
   946 | D:2      | Reached XP level 3. HP: 26/26 MP: 3/7
  1310 | D:2      | Learned a level 3 spell: Conjure Flame
  1605 | D:2      | Found a basalt altar of Yredelemnul.
  1664 | D:2      | Gained mutation: Your spells are harder to cast, but more
                  | powerful. [Djinni growth]
  1664 | D:2      | Gained mutation: You can translocate small distances at
                  | will. [Djinni growth]
  1664 | D:2      | Reached XP level 4. HP: 30/33 MP: 5/9
  2307 | D:3      | Noticed a centaur
  2377 | D:3      | Reached skill level 3 in Conjurations
  2379 | D:3      | Noticed Robin
  2536 | D:3      | Killed Robin
  2537 | D:3      | Reached skill level 5 in Fire Magic
  2578 | D:3      | Found a radiant altar of Vehumet.
  2586 | D:3      | Became a worshipper of Vehumet
  2892 | D:3      | Reached XP level 5. HP: 31/38 MP: 6/11
  3187 | D:3      | Found a bloodstained altar of Trog.
  3187 | D:3      | Found a burning altar of Makhleb.
  3194 | D:3      | Found a snail-covered altar of Cheibriados.
  3199 | D:3      | Found a hazy altar of Hepliaklqana.
  3201 | D:3      | Found a blossoming altar of Fedhas.
  3260 | D:3      | Noticed Ijyb
  3312 | D:3      | Killed Ijyb
  3520 | D:4      | Noticed a necrophage
  3522 | D:4      | Noticed an ogre
  3537 | D:4      | Killed a necrophage
  3538 | D:4      | Reached skill level 4 in Conjurations
  3538 | D:4      | Reached XP level 6. HP: 45/45 MP: 2/12
  3749 | D:5      | Entered Level 5 of the Dungeon
  4016 | D:5      | Reached skill level 5 in Spellcasting
  4041 | D:5      | Reached skill level 5 in Conjurations
  4101 | D:4      | Found Orghuqi's Magic Scroll Shop.
  4319 | D:5      | Reached XP level 7. HP: 50/50 MP: 11/14
  4488 | D:5      | Reached * piety under Vehumet
  4488 | D:5      | Offered knowledge of Freeze by Vehumet.
  4494 | D:5      | Learned a level 1 spell: Freeze
  4641 | D:5      | Found a blossoming altar of Fedhas.
  4999 | D:4      | Reached skill level 1 in Ice Magic
  5110 | D:4      | Reached skill level 6 in Conjurations
  5610 | D:6      | Learned a level 5 spell: Fireball
  5657 | D:6      | Gained mutation: Your spells are much harder to cast, but
                  | much more powerful. [Djinni growth]
  5657 | D:6      | Reached XP level 8. HP: 57/57 MP: 11/16
  5738 | D:6      | Found Ydwamm's Assorted Antiques.
  5753 | D:6      | Bought a golden potion for 29 gold pieces
  5753 | D:6      | Bought a scroll labeled NEAF MAEB MOUSUSCH for 33 gold
                  | pieces
  5773 | D:6      | Found Urymawn's Food Boutique.
  5839 | D:6      | Found Angot's Assorted Antiques.
  5842 | D:6      | Bought a scroll labeled FYRAEG YRUMAASCH for 28 gold pieces
  5842 | D:6      | Bought a scroll labeled EKOSYS CUJA for 28 gold pieces
  5943 | D:6      | Reached skill level 7 in Conjurations
  6216 | D:6      | Found a stormy altar of Qazlal.
  6216 | D:6      | Found a sacrificial altar of Ru.
  6400 | D:6      | Found Hurena's Antique Weapon Boutique.
  6564 | D:6      | Found a staircase to the Ecumenical Temple.
  6573 | Temple   | Entered the Ecumenical Temple
  7045 | D:7      | Reached skill level 8 in Conjurations
  7081 | D:7      | Reached skill level 1 in Fighting
  7260 | D:7      | Reached XP level 9. HP: 59/64 MP: 12/17
  7376 | D:7      | Reached skill level 10 in Fire Magic
  7490 | D:7      | Found a staircase to the Lair.
  7493 | D:7      | Reached ** piety under Vehumet
  7493 | D:7      | Offered knowledge of Sting by Vehumet.
  7498 | D:7      | Reached skill level 9 in Conjurations
  7778 | D:7      | Found Vioxkinn's Assorted Antiques.
  7787 | D:7      | Bought a scroll labeled FYRAEG YRUMAASCH for 30 gold pieces
  7787 | D:7      | Bought a blue potion for 27 gold pieces
  7787 | D:7      | Bought a scroll labeled TUNLUE MIMAESH for 30 gold pieces
  7881 | D:8      | Learned a level 4 spell: Sticky Flame
  8281 | D:8      | Reached XP level 10. HP: 62/78 MP: 11/21
  8283 | D:8      | Reached skill level 10 in Conjurations
  8476 | D:8      | Noticed a two-headed ogre
  8484 | D:8      | Killed a two-headed ogre
  8926 | D:8      | Offered knowledge of Mephitic Cloud by Vehumet.
  8958 | D:8      | Reached skill level 5 in Fighting
  9279 | D:9      | Found Otuykk's Antique Armour Emporium.
  9367 | D:9      | Noticed Nergalle
  9372 | D:9      | Killed Nergalle
  9474 | D:9      | Found Nigieqom's Armour Shoppe.
  9480 | D:9      | Found a staircase to the Orcish Mines.
  9482 | D:9      | Identified the Disquisition on the Supportive Rocks
  9880 | D:10     | Entered Level 10 of the Dungeon
 10043 | D:10     | Noticed a deep elf mage
 10046 | D:10     | Killed a deep elf mage
 10111 | D:10     | Reached XP level 11. HP: 73/89 MP: 10/24
 10112 | D:10     | Reached *** piety under Vehumet
 10411 | D:10     | Offered knowledge of Throw Icicle by Vehumet.
 10492 | D:10     | Killed an unseen horror
 10551 | D:10     | Learned a level 6 spell: Bolt of Cold
 10621 | D:10     | Identified the cursed +3 dagger of Chagrin {pierce, +Blink
                  | rN+ MR+ Str-3}
 10855 | D:10     | Reached skill level 10 in Spellcasting
 10855 | D:10     | Reached skill level 11 in Conjurations
 10958 | D:11     | Noticed a white ugly thing
 10958 | D:11     | Noticed a two-headed ogre
 10958 | D:11     | Noticed a skeletal warrior
 10958 | D:11     | Noticed a skeletal warrior
 10958 | D:11     | Noticed a skeletal warrior
 10960 | D:11     | Killed a skeletal warrior
 10961 | D:11     | Noticed a skeletal warrior
 10964 | D:10     | Killed a white ugly thing
 10964 | D:10     | Reached **** piety under Vehumet
 11097 | Lair:1   | Entered Level 1 of the Lair of Beasts
 11564 | Lair:1   | Noticed Harold
 11568 | Lair:1   | Killed Harold
 11683 | Lair:1   | Got a faintly humming cloak
 11694 | Lair:1   | Identified the cursed +0 cloak of Objectivity {*Slow rF+++
                  | Str+5 Dex-5} (You found it on level 1 of the Lair of
                  | Beasts)
 11708 | Lair:1   | Offered knowledge of Lightning Bolt by Vehumet.
 11709 | Lair:1   | Reached skill level 5 in Ice Magic
 12791 | Lair:2   | Reached skill level 12 in Conjurations
 13045 | Lair:2   | Gained mutation: Your casting is slightly disrupted.
                  | [Djinni growth]
 13045 | Lair:2   | Gained mutation: Your flesh is heat resistant. (rF+)
                  | [Djinni growth]
 13045 | Lair:2   | Gained mutation: You have an increased reservoir of magic.
                  | (+10% MP) [Djinni growth]
 13045 | Lair:2   | Gained mutation: You have a considerably increased
                  | reservoir of magic. (+20% MP) [Djinni growth]
 13045 | Lair:2   | Reached XP level 12. HP: 101/101 MP: 21/32
 13786 | Lair:3   | Noticed a six-headed hydra
 13799 | Lair:2   | Reached ***** piety under Vehumet
 13893 | Lair:3   | Offered knowledge of Orb of Destruction by Vehumet.
 13926 | Lair:2   | Learned a level 7 spell: Orb of Destruction
 14017 | Lair:3   | Killed a six-headed hydra
 14025 | Lair:3   | Noticed a four-headed hydra
 14069 | Lair:3   | Killed a four-headed hydra
 14447 | Lair:3   | Reached skill level 13 in Conjurations
 14644 | Lair:3   | Noticed a seven-headed hydra
 14647 | Lair:3   | Killed a seven-headed hydra
 14877 | Lair:4   | Noticed a four-headed hydra
 14951 | Lair:4   | Killed a four-headed hydra
 15138 | Lair:4   | Got a steaming plate armour
 15309 | Lair:4   | Reached XP level 13. HP: 104/111 MP: 14/34
 15433 | Lair:4   | Found a staircase to the Shoals.
 15478 | Lair:4   | HP: 3/111 [elephant (3)]
 15483 | Lair:4   | Killed from afar by a swamp worm

Skill      XL: |  1  2  3  4  5  6  7  8  9 10 11 12 13 |
---------------+----------------------------------------+-----
Fire Magic     | 4 5 6 7 9 11 | 11.9
Conjurations   | 2 3 4 5 6 8 9 10 12 13 | 13.6
Spellcasting   | 4 5 7 9 10 12 | 12.1
Ice Magic      | 1 2 6 8 9 |  9.0
Fighting       | 1 3 6 7 9 |  9.3
Dodging        | 4 |  4.3
Stealth        | |  1.5

Action                   |  1- 3 |  4- 6 |  7- 9 | 10-12 | 13-15 || total
-------------------------+-------+-------+-------+-------+-------++-------
Melee: Unarmed           |    10 |    15 |       |       |       ||    25
       Club              |     3 |     4 |       |       |       ||     7
       Dagger            |       |       |    23 |    14 |       ||    37
       Staff             |       |       |       |     8 |    15 ||    23
 Cast: Flame Tongue      |    80 |   113 |   182 |   222 |     9 ||   606
       Conjure Flame     |       |     6 |     7 |    11 |       ||    24
       Freeze            |       |       |    22 |    19 |       ||    41
       Fireball          |       |       |    14 |    61 |     4 ||    79
       Sticky Flame      |       |       |     4 |    62 |     5 ||    71
       Bolt of Cold      |       |       |       |    13 |     5 ||    18
Evoke: Wand              |       |     4 |       |     2 |       ||     6
  Use: Scroll            |     4 |     4 |     5 |     4 |     2 ||    19
 Stab: Sleeping          |       |     1 |       |       |       ||     1
  Eat: Chunk             |     4 |    11 |    17 |    33 |     1 ||    66
       Ration            |       |       |     1 |     1 |       ||     2
Armor: Robe              |     9 |     8 |    23 |    20 |     9 ||    69
       Skin              |       |     6 |       |       |       ||     6
Dodge: Dodged            |    31 |    43 |    47 |    77 |    15 ||   213
